 Dungeon Crawl Stone Soup version 0.18-a0-884-gb6cfd45 (webtiles) character file.

114 filipzpl the Skirmisher (level 4, -3/29 HPs)
             Began as a Gargoyle Berserker on Dec 22, 2015.
             Was a Priest of Trog.
             Killed from afar by Sigmund (8 damage)
             ... with a puff of flame
             ... on level 2 of the Dungeon.
             The game lasted 00:11:59 (1902 turns).

filipzpl the Skirmisher (Gargoyle Berserker)        Turns: 1902, Time: 00:11:59

Health: -3/29      AC: 16    Str: 27    XL:     4   Next: 98%
Magic:  4/4        EV:  9    Int:  7    God:    Trog [***...]
Gold:   95         SH:  0    Dex:  9    Spells: 0 memorised, 3 levels left

rFire  . . .     SeeInvis .     q - +0 morningstar
rCold  . . .     Gourm    .     j - +0 chain mail
rNeg   + . .     Faith    .     (no shield)
rPois  ∞         Spirit   .     i - +0 helmet
rElec  +         Dismiss  .     (no cloak)
rCorr  .         Reflect  .     b - +2 pair of gloves
SustAt .         Harm     .     (no boots)
MR     .....                    (no amulet)
Stlth  ..........               (no ring)
                                f - ring of stealth

@: mighty, not resistant to hostile enchantments, extremely unstealthy
A: negative energy resistance 1, electricity resistance, unbreathing,
petrification resistance, rot immunity, AC +3
a: Berserk, Trog's Hand, Burn Spellbooks, Renounce Religion


You were on level 2 of the Dungeon.
You worshipped Trog.
Trog was most pleased with you.
You were near starving.

You visited 1 branch of the dungeon, and saw 2 of its levels.

You collected 95 gold pieces.

Inventory:

Hand Weapons
 a - a +0 mace
 q - a +0 morningstar (weapon)
Armour
 b - a +2 pair of gloves (worn)
 i - a +0 helmet (worn)
 j - a +0 chain mail (worn)
Jewellery
 f - a ring of stealth (left hand)
Scrolls
 d - a scroll of identify
 e - a scroll of teleportation {unknown}
 m - a scroll of magic mapping {unknown}
Potions
 h - 2 potions of flight
 l - a potion of mutation {unknown}
 o - a potion of curing {unknown}
 r - a potion of brilliance
Comestibles
 c - 3 bread rations
 g - 2 meat rations
 p - 2 fruits


   Skills:
 + Level 4.1 Fighting
 + Level 4.0 Maces & Flails
 + Level 2.5 Armour
 + Level 2.4 Dodging
 + Level 0.8 Stealth


You had 3 spell levels left.
You didn't know any spells.

Dungeon Overview and Level Annotations

Branches:
Dungeon (2/15)

Altars:
Trog

Annotations:
D:2 Sigmund


Innate Abilities, Weirdness & Mutations

You are resistant to torment.
Your stone body is resilient (AC +3).
You are immune to poison.
You resist negative energy.
You are resistant to electric shocks.
You can survive without breathing.
You are immune to petrification.
You are immune to rotting.


Message History

Sigmund is almost dead.
Sigmund points at you and mumbles some strange words.
You are confused.
You closely miss Sigmund.
Sigmund is almost dead.
Sigmund barely misses you.
You miss Sigmund.
Sigmund is almost dead.
Sigmund gestures at you while chanting. The magic dart hits you!
* * * LOW HITPOINT WARNING * * *
You closely miss Sigmund.
Sigmund is almost dead.
Sigmund hits you but does no damage.
You miss Sigmund.
Sigmund is almost dead.
You feel less confused.
Sigmund points at you and mumbles some strange words.
The puff of flame hits you!
You die...

#.######....r....##
########.....#....###....#
.............#...##y##...#
.###########(#....###....#
.# #..#...........# .#
#..##...w.....# .#
#...##...r...# .#
###..####†#### <#
##.†@##.# .# ###@...# .#
###### .# .# ##


You could see Sigmund.

Vanquished Creatures
  Natasha (thrice) (D:2)
  An adder (D:2)
  3 worms (D:2)
  3 giant geckos
  8 bats
  2 giant cockroaches (D:1)
  A goblin (D:1)
  6 hobgoblins
  6 jackals
  8 kobolds
  2 quokkas (D:2)
  4 giant newts
  13 rats
60 creatures vanquished.

Notes
Turn   | Place    | Note
--------------------------------------------------------------
     0 | D:1      | filipzpl the Gargoyle Berserker began the quest for the Orb.
     0 | D:1      | Reached XP level 1. HP: 14/14 MP: 1/1
   240 | D:1      | Reached XP level 2. HP: 13/19 MP: 2/2
   606 | D:1      | Reached XP level 3. HP: 22/24 MP: 3/3
   616 | D:1      | Reached ** piety under Trog
  1270 | D:2      | Reached skill level 4 in Fighting
  1278 | D:2      | Noticed Natasha
  1286 | D:2      | Killed Natasha
  1286 | D:2      | Reached XP level 4. HP: 26/29 MP: 4/4
  1428 | D:2      | Noticed Natasha
  1449 | D:2      | Killed Natasha
  1574 | D:2      | Noticed Natasha
  1577 | D:2      | Killed Natasha
  1577 | D:2      | Reached *** piety under Trog
  1785 | D:2      | Noticed a moth of wrath
  1787 | D:2      | Noticed Sigmund
  1788 | D:2      | Found a bloodstained altar of Trog.
  1902 | D:2      | Killed from afar by Sigmund

Vault maps used:
D:1:      sevenhm_arrival_forest_fort_small_6, nrook_mini_backslash, st_stairs_5
D:2:      first_bread, tgw_trog, uniq_sigmund, uniq_natasha

Action                   |  1- 3 |  4- 6 || total
-------------------------+-------+-------++-------
Melee: Mace              |   151 |    46 ||   197
       Morningstar       |       |    77 ||    77
Invok: Berserk           |       |     1 ||     1
  Use: Scroll            |     5 |       ||     5
       Potion            |     1 |     2 ||     3
 Stab: Sleeping          |     3 |       ||     3
  Eat: Chunk             |       |     2 ||     2
       Fruit             |       |     1 ||     1
